 Dungeon Crawl Stone Soup version 0.30-a0-368-g86fb4627a9 (webtiles) character file.

Game seed: 16128052934267050835

2110 oldmanjim the Skirmisher (level 9, -1/81 HPs)
             Began as a Minotaur Hunter on Nov 19, 2022.
             Was an Initiate of Gozag.
             Slain by a hornet (9 damage)
             ... on level 7 of the Dungeon.
             The game lasted 00:45:33 (8275 turns).

oldmanjim the Skirmisher (Minotaur Hunter)          Turns: 8275, Time: 00:45:33

Health: -1/81      AC:  7    Str: 17    XL:     9   Next: 7%
Magic:  8/8        EV: 16    Int:  6    God:    Gozag
Gold:   81         SH:  0    Dex: 17    Spells: 8/8 levels left

rFire   . . .      SeeInvis .    a - +0 shortbow
rCold   . . .      Faith    .    (shield currently unavailable)
rNeg    + . .      Spirit   .    I - +0 leather armour {Will+}
rPois   .          Reflect  .    (helmet restricted)
rElec   .          Harm     .    (no cloak)
rCorr   .          Rampage  .    H - +1 pair of gloves
Will    +....                    p - +0 pair of boots
Stlth   ++........               (no amulet)
HPRegen 0.33/turn                t - +4 ring of evasion
MPRegen 0.11/turn                v - ring of positive energy

@: lethally poisoned (-1 -> -17), slowed, very slow
A: horns 2, retaliatory headbutt
a: Renounce Religion, Potion Petition, Call Merchant, Bribe Branch


You were on level 7 of the Dungeon.
You worshipped Gozag.
Gozag was noncommittal.
You visited 2 branches of the dungeon, and saw 8 of its levels.
You also visited: Sewer.

You collected 427 gold pieces.
You spent 246 gold pieces at shops.
You paid 100 gold pieces to Gozag.

Inventory:

Hand Weapons
 a - a +0 shortbow (weapon)
 b - a +2 dagger of electrocution
 M - a +4 trident of freezing
 O - a +2 falchion of freezing
Missiles
 h - 89 stones
 l - 11 poisoned darts
 x - 2 javelins
 B - 3 boomerangs
 C - a silver boomerang
Armour
 c - a +0 leather armour
 m - a +0 ring mail
 p - a +0 pair of boots (worn)
 H - a +1 pair of gloves (worn)
 I - a +0 leather armour of willpower (worn)
Jewellery
 t - a +4 ring of evasion (left hand)
 v - a ring of positive energy (right hand)
Wands
 N - a wand of charming (14)
Scrolls
 d - 2 scrolls of blinking {unknown}
 e - 3 scrolls of immolation
 i - 2 scrolls of magic mapping {unknown}
 k - 3 scrolls of fog {unknown}
 n - 2 scrolls of amnesia {unknown}
 o - 2 scrolls of vulnerability {unknown}
 q - 3 scrolls of fear {unknown}
 r - a scroll of acquirement {unknown}
 y - 2 scrolls of poison {unknown}
 z - 9 scrolls of identify {unknown}
 D - 2 scrolls of silence {unknown}
 J - 2 scrolls of brand weapon {unknown}
 K - a scroll of summoning {unknown}
Potions
 g - 4 potions of flight
 j - 2 potions of might
 s - 3 potions of curing
 u - 3 potions of brilliance {unknown}
 w - a potion of experience {unknown}
 A - 2 potions of haste {unknown}
 E - a potion of ambrosia {unknown}
 F - a potion of lignification
 G - a potion of heal wounds


   Skills:
 - Level 8.0 Fighting
 + Level 11.0 Ranged Weapons
 - Level 5.0 Armour
 - Level 2.1 Dodging
 - Level 0.7 Stealth


You had 8 spell levels left.
You didn't know any spells.
Your spell library contained the following spells:

 Spells                   Type           Power      Damage    Failure   Level
 Apportation              Tloc           0%         N/A       52%         1
 Beastly Appendage        Tmut           0%         N/A       52%         1
 Magic Dart               Conj           0%         1d3       52%         1
 Necrotise                Necr           0%         1d4       52%         1
 Summon Small Mammal      Summ           0%         N/A       52%         1
 Blink                    Tloc           0%         N/A       65%         2
 Call Imp                 Summ           0%         N/A       65%         2
 Ensorcelled Hibernation  Hex/Ice        0%         N/A       65%         2
 Momentum Strike          Conj/Tloc      0%         3d8       65%         2
 Wereblood                Tmut           0%         N/A       65%         2
 Hailstorm                Conj/Ice       0%         3d3       87%         3
 Inner Flame              Hex/Fire       0%         N/A       87%         3
 Lesser Beckoning         Tloc           0%         N/A       87%         3
 Mephitic Cloud           Conj/Pois/Air  0%         N/A       87%         3
 Spider Form              Tmut/Pois      0%         N/A       87%         3
 Vampiric Draining        Necr           0%         2d6       87%         3
 Anguish                  Hex/Necr       0%         N/A       99%         4
 Flame Wave               Conj/Fire      0%         2d4       99%         4
 Ice Form                 Ice/Tmut       0%         N/A       99%         4
 Sticky Flame             Conj/Fire      0%         2d3       99%         4
 Agony                    Necr           0%         N/A       100%        5
 Simulacrum               Ice/Necr       Unusable   N/A       N/A         6

Dungeon Overview and Level Annotations

Branches:
Dungeon (7/15)             Temple (1/1) D:7           Sewer (visited)

Altars:
Ashenzari
Cheibriados
Dithmenos
Fedhas
Gozag
Hepliaklqana
Kikubaaqudgha
Makhleb
Nemelex Xobeh
Okawaru
Ru
Sif Muna
Trog
Uskayaw
Vehumet
Wu Jian
Yredelemnul
Zin
The Shining One

Shops:
D:2 *?[*


Innate Abilities, Weirdness & Mutations

You have a pair of horns on your head.
You reflexively headbutt those who attack you in melee.


Message History

You are more poisoned.
You feel yourself slow down.
You see here a +0 leather armour.
As you read the scroll of teleportation, it crumbles to dust.
You feel strangely unstable.
You feel extremely sick. The hornet stings you!
* * * LOW HITPOINT WARNING * * *
You feel as though you will be slow longer.
The iguana hisses menacingly.
The hornet closely misses you. You furiously retaliate!
You headbutt the hornet.
You feel better. The hornet completely misses you. The hornet stings you.
You feel as though you will be slow longer.
Aiming: Charm
Press: ? - help, Shift-Dir - straight line, f/p - hornet
Aim: a hornet (severely wounded, chance to affect: 39%)
The hornet is charmed.
The iguana closely misses your hornet. The iguana bites your hornet.
Your surroundings suddenly seem different.
You start resting.
You feel yourself speed up.
You start resting.
The hornet is no longer charmed.
The hornet closely misses you. The hornet stings you!
* * * LOW HITPOINT WARNING * * *
You are poisoned.
You feel yourself slow down.
Aiming: Charm
Press: ? - help, Shift-Dir - straight line, f/p - hornet
Aim: a hornet (heavily wounded, chance to affect: 39%)
The hornet resists with some effort.
You feel very sick. The hornet stings you!
* * * LOW HITPOINT WARNING * * *
You are more poisoned.
You feel as though you will be slow longer.
The hornet stings you!
You die...
Your body crumbles into a pile of gold.

##.#.###.##.......##
##.#.# #....# #.###.....##
#....# #..### #.# ##...##
#..### #..# #.# ##'## #..#
#..#####.# #.# ####
#........#####.# #8
#####.###.......##.####8..
#.........#####......##...
#.###.###.# #@y....#_...
#.# #.# #.# ###.....###...
. #.#
#.###.###....#.####8.. .8
#.# #.........#.##.# #8
8## #.#######.#####.##.#
## #.........#####.##.#
#########.....>.##.#
##########.# #.#


You could see a hornet.

Vanquished Creatures
  Eustachio (D:4)
  Edmund (D:4)
  2 water moccasins
  2 black bears
  A kobold brigand (D:7)
  2 bullfrogs
  3 scorpions
  3 wights (D:6)
  3 howler monkeys (D:7)
  A jelly (D:5)
  An orc priest (D:7)
  2 hounds (D:6)
  3 gnoll boudas
  An orc wizard (D:7)
  Terence (D:3)
  An iguana (D:6)
  14 gnolls
  6 river rats (Sewer)
  19 adders
  A shadow imp (D:6)
  2 white imps
  4 worms
  2 dart slugs
  18 orcs
  9 endoplasms
  6 giant cockroaches
  7 goblins
  3 hobgoblins
  6 jackals
  7 quokkas
  21 ball pythons
  12 bats
  5 frilled lizards
  10 kobolds
  9 rats
189 creatures vanquished.

Vanquished Creatures (others)
  5 plants (D:3)
5 creatures vanquished.

Grand Total: 194 creatures vanquished

Notes
Turn   | Place    | Note
-------+----------+-------------------------------------------
     0 | D:1      | oldmanjim the Minotaur Hunter began the quest for the Orb.
     0 | D:1      | Reached XP level 1. HP: 18/18 MP: 0/0
   131 | D:1      | Reached XP level 2. HP: 26/26 MP: 1/1
   393 | D:1      | Reached skill level 5 in Ranged Weapons
   393 | D:1      | Reached XP level 3. HP: 31/31 MP: 2/2
   743 | D:2      | Found Goneativ's Assorted Antiques.
   776 | D:2      | Reached XP level 4. HP: 40/40 MP: 3/3
   967 | D:2      | Found Peleajia's Magic Scroll Emporium.
   989 | D:2      | Found Sycori's General Store.
  1085 | D:2      | Found Meumate's Armour Shop.
  1441 | D:2      | Reached skill level 1 in Armour
  1574 | D:3      | Found a sparkling altar of Nemelex Xobeh.
  1621 | D:3      | Found a faded altar of an unknown god.
  1760 | D:3      | Reached XP level 5. HP: 47/47 MP: 4/4
  1876 | D:3      | Noticed Terence
  1888 | D:3      | Killed Terence
  2329 | D:3      | Found a hide-covered altar of Uskayaw.
  2696 | D:4      | Reached skill level 5 in Fighting
  2696 | D:4      | Reached skill level 6 in Ranged Weapons
  2765 | D:4      | Noticed a black bear
  2909 | D:4      | Found a basalt altar of Yredelemnul.
  2943 | D:4      | Found a hazy altar of Hepliaklqana.
  2990 | D:4      | Reached XP level 6. HP: 56/56 MP: 5/5
  3000 | D:4      | Found a shadowy altar of Dithmenos.
  3110 | D:4      | Noticed Eustachio
  3261 | D:4      | Noticed Edmund
  3279 | D:4      | Killed Edmund
  3538 | D:4      | Killed Eustachio
  3539 | D:4      | Reached XP level 7. HP: 33/64 MP: 6/6
  4042 | D:5      | Entered Level 5 of the Dungeon
  4148 | D:2      | Bought a potion of lignification for 39 gold pieces
  4148 | D:2      | Bought a potion of might for 52 gold pieces
  4148 | D:2      | Bought a potion of heal wounds for 65 gold pieces
  4332 | D:5      | Reached skill level 7 in Ranged Weapons
  5463 | D:6      | Reached XP level 8. HP: 74/74 MP: 7/7
  5467 | D:6      | Found a glowing drain.
  5481 | Sewer    | Entered a sewer
  5667 | Sewer    | Reached skill level 8 in Ranged Weapons
  5820 | Sewer    | Reached skill level 5 in Armour
  6417 | D:6      | Reached skill level 9 in Ranged Weapons
  6470 | D:6      | Found a sacrificial altar of Ru.
  7074 | D:7      | Found a staircase to the Ecumenical Temple.
  7081 | Temple   | Entered the Ecumenical Temple
  7273 | Temple   | Became a worshipper of Gozag Ym Sagoz the Greedy
  7475 | D:7      | Reached skill level 10 in Ranged Weapons
  7721 | D:7      | Found a radiant altar of Vehumet.
  7794 | D:7      | Noticed a hornet
  7886 | D:7      | Found Zin's Purification Station.
  7888 | D:7      | Found a glowing silver altar of Zin.
  7901 | D:7      | Bought a potion of curing for 90 gold pieces
  8075 | D:7      | Reached XP level 9. HP: 81/81 MP: 8/8
  8224 | D:7      | Reached skill level 11 in Ranged Weapons
  8232 | D:7      | Paralysed by a hornet for 1 turns
  8236 | D:7      | Paralysed by a hornet for 1 turns
  8275 | D:7      | Slain by a hornet

Illustrated notes

Levels and vault maps discovered:
D:1:      ncdulo_wetmaze, layout_rooms, corexii_hall_statues_deadend,
          kennysheep_doodads
D:2:      layout_basic, serial_shops, nicolae_diamond_shop, shop, shop,
          nicolae_shop_behind_doors, kennysheep_generic_room_2
D:3:      layout_loops_ring, minitemple, serial_forest, infiniplex_forest_end_2,
          infiniplex_forest_clump_cross, infiniplex_forest_clump_small,
          infiniplex_forest_straight_4, infiniplex_forest_lined_room_,
          infiniplex_forest_lined_room_2, infiniplex_forest_clump_medium,
          shapermc_ecumenical_altar_totnotflames, st_stairs_3, uniq_terence
D:4:      layout_loops_ring, lemuel_tele_altar, mainiacjoe_overflow_swirl,
          uniq_edmund, uniq_eustachio
D:5:      layout_loops_cross
D:6:      mumra_celtic_spiral_tile, layout_cave_pools,
          mainiacjoe_overflow_small_starburst, portal_sewer_entry_a
D:7:      layout_loops_corners, zin_purify, nicolae_overflow_hidden_temple,
          minmay_temple_entry_junction_2
Temple:   chequers_temple_sunken

Skill      XL: |  1  2  3  4  5  6  7  8  9 |
---------------+----------------------------+-----
Fighting       | 3 4 5 6 7 8 |  8.0
Ranged Weapons | 5 6 7 10 11 | 11.0
Armour         | 1 2 4 5 |  5.0
Dodging        | |  2.1
Stealth        | |  0.7

Action                   |  1- 3 |  4- 6 |  7- 9 || total
-------------------------+-------+-------+-------++-------
Melee: Dagger            |     4 |    13 |     2 ||    19
       Headbutt          |     1 |     4 |     1 ||     6
       Punch             |     1 |     1 |       ||     2
 Fire: Shortbow          |    91 |   166 |   389 ||   646
Throw: Dart              |       |     3 |       ||     3
Evoke: Wand              |       |       |     2 ||     2
  Use: Scroll            |       |       |     3 ||     3
       Potion            |       |       |     4 ||     4
Armor: Leather armour    |     2 |       |    36 ||    38
       Ring mail         |     4 |    35 |    20 ||    59
Dodge: Dodged            |    16 |    84 |   197 ||   297

Table legend: (Time is in decaauts)
 A = Elapsed time spent in this place.
 B = Non-inter-level travel time spent in this place.
 C = Inter-level travel time spent in this place.
 D = Time resting spent in this place.
 E = Time spent auto-exploring this place.
 F = Levels seen in this place.
 G = Mean time per level.
                   A        B        C        D        E       F      G
               +--------+--------+--------+--------+--------+-----+--------+
         Total |   8620 |   7965 |    655 |    647 |   4924 |   9 |  957.8 |
       Dungeon |   7464 |   6822 |    642 |    599 |   4457 |   7 | 1066.3 |
        Temple |    267 |    254 |     13 |      0 |    224 |   1 |  267.0 |
         Sewer |    888 |    888 |      0 |     48 |    242 |   1 |  888.0 |
               +--------+--------+--------+--------+--------+-----+--------+

Top non-repeatable levels by time:
     D:4: 1319 daAuts
     D:3: 1319 daAuts
     D:6: 1196 daAuts
     D:2: 1093 daAuts
     D:7: 1017 daAuts
     D:5: 904 daAuts
   Sewer: 888 daAuts
     D:1: 614 daAuts
  Temple: 267 daAuts
